 Dungeon Crawl Stone Soup version 0.22-a0-429-g97ce8ef (webtiles) character file.

7 Gorglomux the Ducker (level 1, 0/11 HPs)
             Began as a Spriggan Berserker on May 25, 2018.
             Slain by a goblin
             ... wielding a +0 dagger
              (3 damage)
             ... on level 2 of the Dungeon.
             The game lasted 00:00:48 (441 turns).

Gorglomux the Ducker (Spriggan Berserker)            Turns: 441, Time: 00:00:49

Health: 0/11       AC:  2    Str: 13    XL:     1   Next: 83%
Magic:  2/2        EV: 19    Int:  8    God:
Gold:   0          SH:  0    Dex: 15    Spells: 0/0 levels left

rFire    . . .     SeeInvis +   a - +0 short sword
rCold    . . .     Gourm    .   (shield restricted)
rNeg     . . .     Faith    .   b - +0 animal skin
rPois    .         Spirit   .   (helmet restricted)
rElec    .         Reflect  .   (no cloak)
rCorr    .         Harm     .   (gloves unavailable)
MR       .....                  (boots unavailable)
Stlth    ++........             (no amulet)
HPRegen  0.03/turn              (no ring)
MPRegen  0.08/turn              (no ring)

@: very quick
A: very small, unfitting armour, see invisible, herbivore, speed 3, slow
metabolism 2
a: no special abilities


You were on level 2 of the Dungeon.
You were not hungry.

You visited 1 branch of the dungeon, and saw 2 of its levels.

Inventory:

Hand Weapons
 a - a +0 short sword (weapon)
Armour
 b - a +0 animal skin (worn)
Scrolls
 d - a scroll of identify {unknown}
Comestibles
 c - a ration


   Skills:
 - Level 2.4 Fighting
 - Level 3.2 Short Blades
 - Level 4.4 Dodging
 + Level 2.5 Stealth


You couldn't memorise any spells.
You didn't know any spells.
Your spell library was empty.

Dungeon Overview and Level Annotations

Branches:
Dungeon (2/15)

Altars:


Innate Abilities, Weirdness & Mutations

You are very small and have problems with some larger weapons.
You are too small for most types of armour.
You have supernaturally acute eyesight. (SInv)
You are a herbivore.
You cover ground extremely quickly.
You need to consume almost no food.


Message History

The bat butt-ly misses you!
You spit the bat like a pig!
The bat is butt-ly wounded!
The bat misses you! The bat closely misses you!
You completely miss the bat!
The bat is severely wounded!
The bat closely misses you! The bat barely butts you!
You spit the butt but do no damage!
The bat is severely wounded!
The bat barely misses you! The bat misses you!
You stick the bat like a butt!
You annihilate the bat!!!
You closely miss the hobgoblin! The hobgoblin misses you!
A goblin comes into view! It is wielding a dagger!
The goblin shouts!!!
The goblin closely misses you!
You barely miss the goblin!
A goblin comes into view!
The goblin hits you with a dagger! butt r

####. #. #....
#.# #...# ####
#?.##...#
#..######..#...#
#...†...##S....#
#g#####..##....#
#.# ##.###.<.#
#@# #.bg#.g.#
#g# ###..#..#
#.. ##.##..#
##.# #....b.. .#
####.... .# ...g
.# .... g# ..


You could see a hobgoblin and 2 goblins.

Vanquished Creatures
  2 ball pythons
  A hobgoblin (D:1)
  A bat (D:2)
  A goblin (D:1)
  2 rats
7 creatures vanquished.

Notes
Turn   | Place    | Note
-------+----------+-------------------------------------------
     0 | D:1      | Gorglomux the Spriggan Berserker began the quest for the Orb.
     0 | D:1      | Reached XP level 1. HP: 11/11 MP: 2/2
     0 | D:1      | Fell from the grace of Trog
   280 | D:1      | Reached skill level 1 in Stealth
   346 | D:1      | Noticed a polar bear
   346 | D:1      | Noticed a polar bear
   441 | D:2      | Slain by a goblin

Vault maps used:
D:1:      dpeg_arrival_tiny_j, hex_tiny, serial_bayou_pond_d, st_stairs_12

Skill      XL: |  1 |
---------------+----+-----
Stealth        | 2 |  2.5
Fighting       | |  2.4
Short Blades   | |  3.2
Dodging        | |  4.4

Action                   || total
-------------------------++-------
Melee: Short sword       ||    29
Invok: Renounce Religion ||     1
Armor: Animal skin       ||     1
Dodge: Dodged            ||    43

Table legend:
 A = Spawn XP
 B = Non-spawn XP
 C = Spawn XP percentage of total XP
 D = Spawn monster count
 E = Non-spawn monster count
 F = Spawn count percentage of total count
 G = Total turns spent on level
                    A         B        C        D         E        F      G
               +---------+---------+-------+---------+---------+-------+---------
         Total |       0 |      10 |   0.0 |       0 |       7 |   0.0 |   441
               +---------+---------+-------+---------+---------+-------+---------
           D:1 |       0 |       6 |   0.0 |       0 |       4 |   0.0 |   409
           D:2 |       0 |       4 |   0.0 |       0 |       3 |   0.0 |    32
               +---------+---------+-------+---------+---------+-------+---------
